 Dungeon Crawl Stone Soup version 0.29.1-13-g9f3cf754e1 (webtiles) character file.

Game seed: 8183855296799169878

28 GigaChad the Shield-Bearer (level 3, -7/33 HPs)
             Began as a Minotaur Fighter on Jan 26, 2023.
             Killed by divine providence
             ... invoked by an orc priest
              (11 damage)
             ... on level 2 of the Dungeon.
             The game lasted 00:01:53 (1032 turns).

GigaChad the Shield-Bearer (Minotaur Fighter)       Turns: 1032, Time: 00:01:54

Health: -7/33      AC:  9    Str: 22    XL:     3   Next: 0%
Magic:  2/2        EV:  7    Int:  5    God:
Gold:   80         SH:  4    Dex:  9    Spells: 2/2 levels left

rFire   . . .      SeeInvis .   a - +0 war axe
rCold   . . .      Faith    .   c - +0 buckler
rNeg    . . .      Spirit   .   h - +0 chain mail
rPois   .          Reflect  .   (helmet restricted)
rElec   .          Harm     .   (no cloak)
rCorr   .          Rampage  .   (no gloves)
Will    .....                   (no boots)
Stlth   ..........              (no amulet)
HPRegen 0.11/turn               (no ring)
MPRegen 0.08/turn               (no ring)

@: no status effects
A: horns 2, retaliatory headbutt
a: no special abilities


You were on level 2 of the Dungeon.
You visited 1 branch of the dungeon, and saw 2 of its levels.

You collected 80 gold pieces.

Inventory:

Hand Weapons
 a - a +0 war axe (weapon)
Armour
 b - a +0 scale mail
 c - a +0 buckler (worn)
 h - a +0 chain mail (worn)
Scrolls
 e - a scroll of noise {unknown}
 j - a scroll of fog {unknown}
 k - a scroll of immolation {unknown}
Potions
 d - a potion of might
 f - a potion of attraction {unknown}
 g - a potion of ambrosia {unknown}
 i - a potion of flight {unknown}


   Skills:
 + Level 3.8 Fighting
 + Level 3.0 Axes
 + Level 3.9 Armour
 + Level 0.7 Dodging
 + Level 4.1 Shields


You had 2 spell levels left.
You didn't know any spells.
Your spell library contained the following spells:

 Spells                   Type           Power      Damage    Failure   Level
 Slow                     Hex            0%         N/A       99%         1
 Static Discharge         Conj/Air       0%         3-3/arc   100%        2
 Confusing Touch          Hex            0%         N/A       100%        3
 Vampiric Draining        Necr           0%         2d6       100%        3
 Dispel Undead            Necr           0%         3d6       100%        4
 Petrify                  Tmut/Erth      0%         N/A       100%        4
 Sticky Flame             Conj/Fire      0%         2d3       100%        4
 Metabolic Englaciation   Hex/Ice        0%         N/A       100%        5
 Statue Form              Tmut/Erth      0%         N/A       100%        6


Dungeon Overview and Level Annotations

Branches:
Dungeon (2/15)

Altars:


Innate Abilities, Weirdness & Mutations

You have a pair of horns on your head.
You reflexively headbutt those who attack you in melee.


Message History

The orc hits you with a +0 whip.
* * * LOW HITPOINT WARNING * * *
You closely miss the orc. Your headbutt misses the orc.
The orc is moderately wounded.
You block the orc's attack.
You closely miss the orc.
The orc is moderately wounded.
You block the orc's attack. The orc closely misses you.
You barely miss the orc.
The orc is lightly wounded.
The orc hits you with a +0 whip.
* * * LOW HITPOINT WARNING * * *
You hit the orc. Your headbutt misses the orc.
The orc is heavily wounded.
The orc completely misses you.
The orc priest miscasts a cantrip.
The orc hits you with a +0 whip.
* * * LOW HITPOINT WARNING * * *
You hit the orc but do no damage.
The orc is heavily wounded.
The orc barely misses you.
You closely miss the orc.
The orc is heavily wounded.
You block the orc's attack.
The rat twitches its whiskers.
The orc barely misses you.
The orc priest calls upon Beogh to heal the orc.
The orc's wounds heal themselves!
You closely miss the orc. Your headbutt misses the orc.
You block the orc's attack.
You hit the orc.
The orc is severely wounded.
The orc priest looks satisfied for a moment.
The orc hits you with a +0 whip.
* * * LOW HITPOINT WARNING * * *
You slash the orc!
You kill the orc!
The orc priest calls down the wrath of Beogh upon you.
Beogh smites you!
You die...

### .l# #r#
#.# #o# #o#
######...
#@###.†....#
#.....######
#...#...### #
#.#####...###
.# #..
###...#..# #.
###<...# ..
#.##.# .. ###
# ...


You could see an orc priest, an orc, a frilled lizard and a rat.

Vanquished Creatures
  An orc (D:2)
  6 endoplasms (D:1)
  A giant cockroach (D:2)
  2 jackals (D:1)
  3 quokkas (D:1)
  A ball python (D:1)
  A bat (D:1)
  A frilled lizard (D:1)
  3 goblins (D:1)
  3 kobolds (D:1)
  6 rats (D:1)
28 creatures vanquished.

Notes
Turn   | Place    | Note
-------+----------+-------------------------------------------
     0 | D:1      | GigaChad the Minotaur Fighter began the quest for the Orb.
     0 | D:1      | Reached XP level 1. HP: 19/19 MP: 0/0
   402 | D:1      | Reached XP level 2. HP: 25/27 MP: 1/1
   721 | D:1      | Reached skill level 4 in Shields
  1016 | D:2      | Reached XP level 3. HP: 33/33 MP: 2/2
  1032 | D:2      | Killed from afar by an orc priest

Illustrated notes

Levels and vault maps discovered:
D:1:      mrwooster_arrival_statue_3, layout_loops_ring,
          chequers_serial_rivers_large_a
D:2:      layout_rooms, serial_shops, shop, minivault_26, grunt_ministairs_10,
          minmay_tetromino_s2

Skill      XL: |  1  2 |
---------------+-------+-----
Shields        | 4 |  4.1
Axes           | 3 |  3.0
Fighting       | |  3.8
Armour         | |  3.9
Dodging        | |  0.7

Action                   || total
-------------------------++-------
Melee: War axe           ||    69
       Headbutt          ||     4
Armor: Scale mail        ||    14
       Chain mail        ||    29
Dodge: Dodged            ||    33
Block: Buckler           ||    19
